 Dungeon Crawl Stone Soup version 0.32-a0-859-gb0a091d592 (webtiles) character file.

Game seed: 1528495839096005867

94035 jasper the Severer (level 16, -15/124 (125) HPs)
             Began as a Formicid Fighter on Mar 27, 2024.
             Was the Champion of Okawaru.
             Demolished by a balrug
             ... wielding a +2 demon whip of draining
              (24 damage)
             ... on level 1 of the Abyss.
             The game lasted 00:35:07 (20511 turns).

jasper the Severer (Formicid Fighter)              Turns: 20511, Time: 00:35:07

HP:   -15/124 (125) AC: 33    Str: 26    XL:     16   Next: 58%
MP:   22/22         EV:  6    Int:  9    God:    Okawaru [******]
Gold: 1629          SH: 16    Dex: 17    Spells: 15/15 levels left

rFire   . . .        N - +8 executioner's axe (vamp)
rCold   . . .        I - +2 kite shield {reflect}
rNeg    + + .        n - +4 plate armour
rPois   +            (helmet unavailable)
rElec   +            i - +1 cloak {rPois}
rCorr   .            H - +2 pair of gloves of Impermeability {rElec rN++ Dex-3}
SInv    +            (no boots)
Will    .....        R - amulet of Vitality {Regen++ RegenMP++} Stlth
                     L - +4 ring of protection
HPRegen 2.00/turn    M - ring "Nolidgh" {Fly Will- AC+4 Dex+7 Slay+3}
MPRegen 0.98/turn

%: reflection
@: on fire, flying, glowing, lightly drained
A: permanent stasis, dig shafts and tunnels, antennae 3, four strong arms, weak
1, [inability to read after injury 2]
a: Dig, Shaft Self, Renounce Religion, Heroism, Finesse, Duel


You were on level 1 of the Abyss.
You worshipped Okawaru.
Okawaru was exalted by your worship.
You visited 4 branches of the dungeon, and saw 20 of its levels.
You visited the Abyss 1 time.
You also visited: Bailey.

You collected 2277 gold pieces.
You spent 648 gold pieces at shops.

Inventory:

Hand Weapons
 a - a +2 sacred scourge of holy wrath
 N - a +8 vampiric executioner's axe (weapon)
 Y - a +3 war axe of flaming
Missiles
 e - 5 silver javelins
 h - 6 curare-tipped darts
 p - 17 javelins
 w - 28 poisoned darts
 y - a throwing net
 G - 23 boomerangs (quivered)
Armour
 i - a +1 cloak of poison resistance (worn)
 n - a +4 plate armour (worn)
 H - the +2 pair of gloves of Impermeability (worn) {rElec rN++ Dex-3}
   (Okawaru gifted it to you on level 5 of the Lair of Beasts)

   Dex-3:     It affects your dexterity (-3).
   rElec:     It insulates you from electricity.
   rN++:      It greatly protects you from negative energy.
 I - a +2 kite shield of reflection (worn)
Jewellery
 t - a ring of protection from cold
 A - the amulet "Ciama" {Rampage rElec Regen+ Slay+2}
   (You found it on level 4 of the Dungeon)

   [amulet of regeneration]

   Slay+2:    It affects your accuracy & damage with ranged weapons and melee
   (+2).
   rElec:     It insulates you from electricity.
   Regen+:    It increases your rate of health regeneration.
   Rampage:   It bestows one free step when moving towards enemies.
 L - a +4 ring of protection (left hand)
 M - the ring "Nolidgh" (right hand) {Fly Will- AC+4 Dex+7 Slay+3}
   (You found it on level 7 of the Dungeon)

   [ring of protection]

   AC+4:      It affects your AC (+4).
   Dex+7:     It affects your dexterity (+7).
   Slay+3:    It affects your accuracy & damage with ranged weapons and melee
   (+3).
   Will-:     It decreases your willpower.
   Fly:       It grants you flight.
 R - the amulet of Vitality (around neck) {Regen++ RegenMP++}
   (You found it on level 2 of the Lair of Beasts)

   [amulet of nothing]

   Regen++:   It increases your rate of health regeneration.
   RegenMP++: It increases your rate of magic regeneration.
 W - a ring of protection from cold
Wands
 b - a wand of light (5)
 c - a wand of iceblast (14)
 d - a wand of flame (44)
 E - a wand of polymorph (10)
 Z - a wand of mindburst (12)
Scrolls
 f - a scroll of vulnerability
 k - 5 scrolls of fog
 q - 2 scrolls of poison
 r - 3 scrolls of immolation
 x - 6 scrolls of identify
 F - 2 scrolls of noise
 K - a scroll of brand weapon
 O - 5 scrolls of revelation
 P - 3 scrolls of enchant armour
 Q - 3 scrolls of amnesia
 S - 3 scrolls of fear
 V - 2 scrolls of torment
Potions
 g - 7 potions of brilliance
 j - 5 potions of lignification
 l - 4 potions of haste
 m - 12 potions of curing
 o - 4 potions of cancellation
 s - 2 potions of ambrosia
 u - 2 potions of degeneration
 v - 2 potions of resistance
 C - 4 potions of mutation
 D - 4 potions of heal wounds
 J - a potion of invisibility
 T - 3 potions of magic
 U - a potion of might
 X - 3 potions of enlightenment


   Skills:
 - Level 11.2 Fighting
 + Level 20.0 Axes
 - Level 4.0 Throwing
 - Level 11.0 Armour
 - Level 16.6 Shields
 - Level 8.0 Invocations


You had 15 spell levels left.
You didn't know any spells.
Your spell library contained the following spells:

 Spells                   Type           Power      Damage    Failure   Level
 Apportation              Tloc           0%         N/A       99%         1
 Foxfire                  Conj/Fire      0%         2x1d4     99%         1
 Magic Dart               Conj           0%         1d3       99%         1
 Necrotise                Necr           0%         1d4       99%         1
 Sting                    Conj/Alch      0%         1d3       99%         1
 Lesser Beckoning         Tloc           0%         N/A       100%        2
 Momentum Strike          Conj/Tloc      0%         3d8       100%        2
 Hailstorm                Conj/Ice       0%         3d5       100%        3
 Anguish                  Hex/Necr       0%         N/A       100%        4
 Cause Fear               Hex            0%         N/A       100%        4
 Dimensional Bullseye     Hex/Tloc       0%         N/A       100%        4
 Fulminant Prism          Conj/Alch      0%         3d5       100%        4
 Iskenderun's Mystic Bla Conj/Tloc 0%             2d3        (+2d1     100%        4
 Passage of Golubria      Tloc           0%         N/A       100%        4
 Alistair's Intoxication  Alch           0%         N/A       100%        5
 Borgnjor's Vile Clutch   Necr/Erth      0%         N/A       100%        5
 Yara's Violent Unravell  Hex/Alch       0%         3d3       100%        5
 Dispersal                Tloc           0%         N/A       100%        6
 Eringya's Noxious Bog    Alch           0%         4d6       100%        6
 Gell's Gavotte           Tloc           0%         2d(11-16) 100%        6
 Permafrost Eruption      Ice/Erth       0%         2x4d2     100%        6
 Plasma Beam              Fire/Air       0%         2x1d10    100%        6
 Starburst                Conj/Fire      0%         6d3       100%        6
 Enfeeble                 Hex            0%         N/A       100%        7
 Manifold Assault         Tloc           0%         N/A       100%        7
 Disjunction              Tloc           0%         N/A       100%        8
 Summon Small Mammal      Summ           Unusable   N/A       N/A         1
 Blink                    Tloc           Unusable   N/A       N/A         2
 Call Imp                 Summ           Unusable   N/A       N/A         2
 Summon Ice Beast         Ice/Summ       Unusable   N/A       N/A         3
 Tukima's Dance           Hex            Unusable   N/A       N/A         3
 Sculpt Simulacrum        Ice/Alch       Unusable   N/A       N/A         6

Dungeon Overview and Level Annotations

Branches:
Dungeon (12/15)            Temple (1/1) D:6            Lair (5/5) D:11
 Shoals (0/4) Lair:2       Spider (0/4) Lair:2        Slime (0/5) Lair:4
    Orc (2/2) D:9             Elf (0/3) Orc:2        Bailey (visited)

Altars:
Ashenzari
Cheibriados
Dithmenos
Elyvilon
Fedhas
Gozag
Hepliaklqana
Kikubaaqudgha
Makhleb
Nemelex Xobeh
Okawaru
Qazlal
Ru
Sif Muna
Trog
Uskayaw
Vehumet
Wu Jian
Xom
Yredelemnul
Zin
The Shining One
Beogh
Jiyva
Lugonu

Shops:
D:1 ?   D:3 (   D:7 *   D:8 [=   D:11 [   Orc:2 (((!

Portals:
Abyss: Lair:5

Annotations:
D:3 Eustachio
D:4 2 runed translucent doors
D:12 Erolcha
Lair:3 exclusion: 4 oklob plants
Lair:4 exclusion: oklob plant


Innate Abilities, Weirdness & Mutations

You cannot be hasted, slowed, berserked, paralysed or teleported.
You can dig through walls and to a lower floor.
You have a pair of large antennae on your head. (SInv)
Your four strong arms can wield two-handed weapons with a shield.
You are weak. (Str -2)
[You sometimes lose the ability to read scrolls when taking damage.]


Message History

You regained 2 hp, and now have 109/125 hp.
You slice the balrug!!
The balrug is moderately wounded.
The balrug hits you but does no damage. You partially resist.
You slash the balrug!
The balrug is heavily wounded.
The balrug gestures at you. The pyre arrow hits you.
You are covered in intense liquid fire!
An ancient lich comes into view.
The ancient lich shouts!
You regained 2 hp, and now have 112/125 hp.
You hit the balrug but do no damage.
The balrug is heavily wounded.
The liquid fire burns you! The balrug gestures at you.
The bolt of fire hits you!
You take 26 damage, and have 86/125 hp.
MASSIVE DAMAGE!!
You closely miss the balrug.
The balrug is heavily wounded.
You hit the ancient lich. The liquid fire burns you!
The balrug gestures at you.
Your +2 kite shield of reflection blocks the pyre arrow... and reflects it back!
The pyre arrow hits the balrug.
The ancient lich touches you but does no damage.
The balrug hits you with a +2 demon whip of draining.
You are engulfed in flames!!
You partially resist.
You feel drained.
You take 45 damage, and have 41/124 hp.
MASSIVE DAMAGE!!
You carve the balrug like a ham!!!
The balrug is almost dead.
You slash the ancient lich! The liquid fire burns you!
* * * LOW HITPOINT WARNING * * *
The ancient lich casts a spell.
The ancient lich flickers and vanishes for a moment.
The balrug hits you with a +2 demon whip of draining!
* * * LOW HITPOINT WARNING * * *
You are engulfed in flames!!
You die...

.#.. ... . . # .#.# .
....#.....
.....#.##### .. #..
#.#..###...#...~..
..##
...#...##.#..~~~~≈~.
.#
#..#.##...#..~~≈≈≈.≈≈
.
.#...#.......#~≈≈≈~~~
..
#.....####..≈≈≈~..~
#.## ..........#..#
.# # .##..
.......2@..#....# ###
#####.#.##L......#
.## ###..##.#...#.. .
#. ..##..## . .. ...
. #.. # ## ##. ## #.
#.


You could see an ancient lich (invisible) and a balrug (burning).

Vanquished Creatures
  A bone dragon (Abyss:1)
  A quicksilver dragon (Abyss:1)
  A tentacled starspawn (Abyss:1)
  An angel (Abyss:1)
  3 orc warlords
  A dire elephant (Lair:1)
  Snorg (Lair:4)
  The ghost of jamsaran the Nimble, a journeyman TeSu of Sif Muna (Lair:3)
  The ghost of gdog the Covert, a journeyman GnDe of Gozag (Lair:1)
  An entropy weaver (shapeshifter) (Lair:5)
  2 hydras (Lair:1)
  Harold (Lair:1)
  The ghost of osoart the Fighter, a journeyman MiFi of Hepliaklqana (D:9)
  An ice dragon (Lair:4)
  4 two-headed ogres
  A boulder beetle (Lair:5)
  2 catoblepae
  A death yak (Lair:5)
  The ghost of Dineis the Thaumaturge, a journeyman SpCj of Vehumet (Lair:3)
  2 orc high priests
  4 thrashing horrors (Lair:5)
  Nergalle (D:12)
  Amaemon (D:9)
  3 wretched stars (Abyss:1)
  A skyshark (Lair:4)
  2 skeletal warriors (D:12)
  2 glowing orange brains (Abyss:1)
  3 large abominations
  5 orc sorcerers
  5 orc knights (Orc:2)
  A deep elf pyromancer (D:12)
  An ugly thing (D:11)
  2 cyclopes
  A merfolk siren (Lair:2)
  A rust devil (Abyss:1)
  A meliai (shapeshifter) (Lair:5)
  2 kobold blastminers
  15 elephants
  2 black mambas (Lair:3)
  4 smoke demons
  Joseph (D:8)
  A torpor snail (Lair:5)
  2 orange demons
  13 cane toads
  3 rime drakes
  Maggie (D:10)
  2 kobold demonologists
  7 komodo dragons
  Psyche (D:9)
  2 trolls (shapeshifter) (Lair:5)
  3 polar bears
  Prince Ribbit (D:8)
  5 saltlings (Orc:2)
  7 trolls
  27 blink frogs
  5 raiju
  5 slime creatures (D:12)
  An air elemental (Abyss:1)
  5 spriggans
  2 ynoxinuls
  29 yaks
  Sigmund (D:2)
  A shadow (D:11)
  3 wraiths
  5 wyverns
  A vampire (Abyss:1)
  3 wargs
  A neqoxec (Abyss:1)
  4 basilisks
  6 vampire mosquitoes (D:12)
  A chaos spawn (Abyss:1)
  Edmund (D:6)
  19 small abominations
  2 steam dragons
  3 acid dragons
  10 water moccasins
  2 black bears (D:7)
  35 orc warriors
  A sky beast (D:5)
  9 ice beasts
  A tengu (shapeshifter) (Lair:5)
  13 ogres
  7 centaurs
  29 wolves
  A weeping skull (Abyss:1)
  2 kobold brigands
  6 bullfrogs
  A brain worm (Abyss:1)
  2 scorpions (D:5)
  8 wights
  9 killer bees (D:11)
  8 electric eels (D:10)
  3 howler monkeys
  5 hounds
  6 starcursed masses (Abyss:1)
  3 bombardier beetles
  A gnoll bouda (D:7)
  13 orc priests
  Crazy Yiuf (D:3)
  An iron imp (Abyss:1)
  3 iguanas
  A sleepcap (D:7)
  Ijyb (D:5)
  16 orc wizards
  12 gnolls
  10 adders
  9 white imps
  5 ufetubi
  A ribbon worm (D:2)
  4 dart slugs
  87 orcs
  7 bats
  6 endoplasms
  3 giant cockroaches
  7 goblins
  9 jackals
  A quokka (D:5)
  6 ball pythons
  2 frilled lizards
  16 kobolds
  2 rats
  2 starspawn tentacles (Abyss:1)
646 creatures vanquished.

Vanquished Creatures (others)
  Gastronok (D:8)
  A hobgoblin (D:6)
  A lurking horror (Abyss:1)
3 creatures vanquished.

Grand Total: 649 creatures vanquished

Notes
Turn   | Place    | Note
-------+----------+-------------------------------------------
     0 | D:1      | jasper the Formicid Fighter began the quest for the Orb.
     0 | D:1      | Reached XP level 1. HP: 18/18 MP: 1/1
   125 | D:1      | Reached XP level 2. HP: 24/24 MP: 2/2
   198 | D:1      | Reached skill level 3 in Axes
   408 | D:1      | Reached XP level 3. HP: 28/29 MP: 3/3
   579 | D:1      | Found Diwnisin's Magic Scroll Shop.
   585 | D:1      | Bought a scroll of fog for 40 gold pieces
  1497 | D:2      | Reached skill level 4 in Axes
  1497 | D:2      | Reached XP level 4. HP: 31/35 MP: 2/4
  1587 | D:2      | Noticed Sigmund
  1604 | D:2      | Killed Sigmund
  1605 | D:2      | Reached skill level 5 in Axes
  1605 | D:2      | Reached XP level 5. HP: 31/41 MP: 5/5
  1605 | D:2      | Reached XP level 6. HP: 35/47 MP: 6/6
  1668 | D:2      | Found a shadowy altar of Dithmenos.
  2066 | D:3      | Found a blossoming altar of Fedhas.
  2084 | D:3      | Reached skill level 6 in Axes
  2491 | D:3      | Found Jesof's Antique Weapon Shoppe.
  2988 | D:3      | Found a runed translucent door.
  2989 | D:3      | Noticed Crazy Yiuf
  3003 | D:3      | Killed Crazy Yiuf
  3219 | D:4      | Noticed Eustachio
  3608 | D:4      | Found a large runed translucent door.
  3608 | D:4      | Found a large runed translucent door.
  3627 | D:4      | Reached skill level 7 in Axes
  3627 | D:4      | Reached XP level 7. HP: 50/52 MP: 5/7
  3714 | D:4      | Noticed a yak
  3725 | D:4      | Killed a yak
  3726 | D:4      | Reached skill level 8 in Axes
  3948 | D:4      | Found a large runed translucent door.
  3948 | D:4      | Found a large runed translucent door.
  4143 | D:4      | Reached XP level 8. HP: 25/58 MP: 3/8
  4163 | D:4      | Identified the amulet "Ciama" {Rampage rElec Regen+ Slay+2}
  4292 | D:4      | Reached skill level 9 in Axes
  4457 | D:4      | Found a burning altar of Makhleb.
  4576 | D:4      | Found a white marble altar of Elyvilon.
  4862 | D:5      | Entered Level 5 of the Dungeon
  5411 | D:5      | Found the +1 Delatra's gloves {ID++}
  5580 | D:5      | Found a hazy altar of Hepliaklqana.
  5585 | D:5      | Reached skill level 10 in Axes
  5714 | D:5      | Noticed Ijyb
  5719 | D:5      | Killed Ijyb
  5803 | D:5      | Identified a scroll of acquirement
  5803 | D:5      | Acquired a +2 kite shield of reflection
  6179 | D:6      | Reached XP level 9. HP: 54/64 MP: 9/9
  6193 | D:6      | Found an iron altar of Okawaru.
  6270 | D:6      | Reached skill level 11 in Axes
  6303 | D:6      | Found a radiant altar of Vehumet.
  6303 | D:6      | Noticed Edmund
  6330 | D:6      | Killed Edmund
  6361 | D:6      | Found a staircase to the Ecumenical Temple.
  6377 | Temple   | Entered the Ecumenical Temple
  6425 | D:6      | Became a worshipper of Warmaster Okawaru
  6477 | D:6      | Reached skill level 12 in Axes
  7157 | D:7      | Found a glowing silver altar of Zin.
  7340 | D:7      | Reached * piety under Okawaru
  7341 | D:7      | Reached skill level 13 in Axes
  7362 | D:7      | Found Fyoste's Gadget Gallery.
  7370 | D:7      | Reached XP level 10. HP: 70/70 MP: 10/10
  7477 | D:7      | Identified the ring "Nolidgh" {Fly Will- AC+4 Dex+7 Slay+3}
  7903 | D:8      | Found a snail-covered altar of Cheibriados.
  7925 | D:8      | Noticed Gastronok
  7938 | D:8      | Noticed Joseph
  7954 | D:8      | Killed Gastronok
  7955 | D:8      | Reached skill level 14 in Axes
  7959 | D:8      | Killed Joseph
  8017 | D:8      | Found Luudwack's Armour Boutique.
  8063 | D:8      | Found a flagged portal.
  8074 | Bailey   | Entered a bailey
  8103 | Bailey   | Reached ** piety under Okawaru
  8106 | Bailey   | Noticed a two-headed ogre
  8118 | Bailey   | Killed a two-headed ogre
  8119 | Bailey   | Reached skill level 15 in Axes
  8121 | Bailey   | Reached XP level 11. HP: 72/75 MP: 9/11
  8123 | Bailey   | Identified the +2 rapier "Worm" {freeze, ^Fragile rPois
                  | rCorr Int+6}
  8154 | Bailey   | Identified the +1 rapier "Mafet" {heavy, Int+2 Dex+2}
  8254 | D:8      | Found Zeyzxiv's Jewellery Emporium.
  8617 | D:8      | Noticed Prince Ribbit
  8651 | D:8      | Killed Prince Ribbit
  8757 | D:9      | Reached skill level 16 in Axes
  8768 | D:9      | Reached skill level 1 in Throwing
  8876 | D:9      | Found a staircase to the Orcish Mines.
  8896 | D:9      | Noticed Psyche
  8907 | D:9      | Killed Psyche
  8907 | D:9      | Reached *** piety under Okawaru
  9046 | D:9      | Reached skill level 5 in Shields
  9182 | D:9      | Found a runed translucent gate.
  9182 | D:9      | Found a runed translucent gate.
  9182 | D:9      | Found a runed translucent gate.
  9268 | D:9      | Found a bloodstained altar of Trog.
  9298 | D:9      | Reached XP level 12. HP: 83/83 MP: 12/12
  9475 | D:9      | Noticed Amaemon
  9488 | D:9      | Killed Amaemon
  9521 | D:9      | Reached **** piety under Okawaru
  9700 | D:9      | Noticed osoart's ghost (journeyman MiFi)
  9717 | D:9      | Killed osoart's ghost
  9718 | D:9      | Reached skill level 5 in Fighting
  9766 | D:10     | Entered Level 10 of the Dungeon
  9780 | D:10     | Reached skill level 5 in Armour
 10511 | D:10     | Noticed Maggie
 10523 | D:10     | Killed Maggie
 11301 | D:11     | Found Hek Diy's Antique Armour Shoppe.
 11346 | D:11     | Found a staircase to the Lair.
 11348 | D:11     | Reached ***** piety under Okawaru
 11349 | D:11     | Reached XP level 13. HP: 94/94 MP: 13/13
 11482 | D:11     | Found a shadowy altar of Dithmenos.
 11985 | Lair:1   | Entered Level 1 of the Lair of Beasts
 12011 | Lair:1   | Reached skill level 1 in Invocations
 12072 | Lair:1   | Received a gift from Okawaru
 12163 | Lair:1   | Reached skill level 5 in Invocations
 12343 | Lair:1   | Noticed a dire elephant
 12360 | Lair:1   | Killed a dire elephant
 12498 | Lair:1   | Got the Compilation of Rubbish
 12569 | Lair:1   | Noticed Harold
 12595 | Lair:1   | Killed Harold
 12605 | Lair:1   | Found a runed translucent gate.
 12605 | Lair:1   | Found a runed translucent gate.
 12606 | Lair:1   | Found a runed translucent gate.
 12607 | Lair:1   | Noticed gdog's ghost (journeyman GnDe)
 12607 | Lair:1   | Noticed a 12-headed hydra
 12607 | Lair:1   | Noticed a ten-headed hydra
 13004 | Lair:1   | Killed a seven-headed hydra
 13004 | Lair:1   | Received a gift from Okawaru
 13016 | Lair:1   | Killed gdog's ghost
 13021 | Lair:1   | Killed a six-headed hydra
 13201 | Lair:2   | Received a gift from Okawaru
 13273 | Lair:2   | Reached XP level 14. HP: 105/105 MP: 20/20
 13303 | Lair:2   | Found a staircase to the Shoals.
 13596 | Lair:2   | Found a hole to the Spider Nest.
 13607 | Lair:2   | Found the amulet of Vitality {Regen++ RegenMP++}
 13845 | Lair:3   | Reached skill level 15 in Shields
 13905 | Lair:3   | Found a runed translucent gate.
 13905 | Lair:3   | Found a runed translucent gate.
 13905 | Lair:3   | Found a runed translucent gate.
 14352 | Lair:3   | Noticed Dineis's ghost (journeyman SpCj)
 14353 | Lair:3   | Noticed jamsaran's ghost (journeyman TeSu)
 14371 | Lair:3   | Killed Dineis's ghost
 14371 | Lair:3   | Received a gift from Okawaru
 14375 | Lair:3   | Killed jamsaran's ghost
 15173 | Lair:4   | Received a gift from Okawaru
 15248 | Lair:4   | Reached skill level 10 in Fighting
 15319 | Lair:4   | Noticed Snorg
 15324 | Lair:4   | Killed Snorg
 15325 | Lair:4   | Reached skill level 10 in Armour
 15328 | Lair:4   | Identified the +2 helmet of Shadows and Fog {Int+6}
 15738 | Lair:4   | Found a staircase to the Slime Pits.
 15746 | Lair:4   | Found a viscous altar of Jiyva.
 15982 | Lair:5   | Entered Level 5 of the Lair of Beasts
 16483 | Lair:5   | Received a gift from Okawaru
 16602 | Lair:5   | Identified the +3 leather armour "Dulont" {+Inv Int+2
                  | Dex+6}
 16615 | Lair:5   | Reached XP level 15. HP: 117/117 MP: 21/21
 16838 | Lair:5   | Reached ****** piety under Okawaru
 16838 | Lair:5   | Received a gift from Okawaru
 16860 | Lair:5   | Acquired a +4 vampiric executioner's axe
 16860 | Lair:5   | Received a gift from Okawaru
 16861 | Lair:5   | Acquired the +2 pair of gloves of Impermeability {rElec
                  | rN++ Dex-3}
 16861 | Lair:5   | Received a gift from Okawaru
 17629 | Lair:5   | Found a corrupted altar of Lugonu.
 17629 | Lair:5   | Found a one-way gate to the infinite horrors of the Abyss.
 17629 | Lair:5   | Found the +4 Cigotuvi's embrace {Corpsefed rMiasma ^Drain
                  | rN+}
 17942 | Orc:1    | Entered Level 1 of the Orcish Mines
 18075 | Orc:1    | Noticed an orc warlord
 18090 | Orc:1    | Killed an orc warlord
 18091 | Orc:1    | Reached skill level 17 in Axes
 18170 | Orc:2    | Entered Level 2 of the Orcish Mines
 18198 | Orc:2    | Received a gift from Okawaru
 18338 | Orc:2    | Found a radiant altar of Vehumet.
 18548 | Orc:2    | Found a staircase to the Elven Halls.
 18798 | Orc:2    | Found Poptax's Weapon Emporium.
 18825 | Orc:2    | Noticed an orc warlord
 18874 | Orc:2    | Reached skill level 18 in Axes
 18900 | Orc:2    | Killed an orc warlord
 19012 | Orc:2    | Found Vetinloa's Antique Weapon Shop.
 19013 | Orc:2    | Found a roughly hewn altar of Beogh.
 19014 | Orc:2    | Found Ocuphaackesch's Antique Weapon Shop.
 19046 | Orc:2    | Found Elokho's Distillery.
 19113 | Orc:2    | Bought a potion of lignification for 48 gold pieces
 19113 | Orc:2    | Bought a potion of mutation for 128 gold pieces
 19113 | Orc:2    | Bought a potion of curing for 48 gold pieces
 19113 | Orc:2    | Bought a potion of curing for 48 gold pieces
 19113 | Orc:2    | Bought a potion of heal wounds for 80 gold pieces
 19113 | Orc:2    | Bought a potion of enlightenment for 80 gold pieces
 19113 | Orc:2    | Bought a potion of lignification for 48 gold pieces
 19113 | Orc:2    | Bought a potion of mutation for 128 gold pieces
 19370 | Orc:1    | Noticed an orc warlord
 19393 | Orc:1    | Killed an orc warlord
 19397 | Orc:1    | Reached XP level 16. HP: 115/116 MP: 22/22
 19419 | Orc:1    | Received a gift from Okawaru
 19931 | D:12     | Noticed Nergalle
 19938 | D:12     | Killed Nergalle
 19995 | D:12     | Noticed Erolcha
 20001 | Abyss:1  | Cast into level 1 of the Abyss (Erolcha)
 20016 | Abyss:1  | Found a corrupted altar of Lugonu.
 20054 | Abyss:1  | Reached skill level 19 in Axes
 20055 | Abyss:1  | Found a corrupted altar of Lugonu.
 20093 | Abyss:1  | Received a gift from Okawaru
 20148 | Abyss:1  | Noticed a quicksilver dragon
 20158 | Abyss:1  | Killed a quicksilver dragon
 20262 | Abyss:1  | Gained mutation: You are weak. (Str -2) [a neqoxec]
 20268 | Abyss:1  | Noticed a bone dragon
 20277 | Abyss:1  | Killed a bone dragon
 20456 | Abyss:1  | Noticed a tentacled starspawn
 20462 | Abyss:1  | Killed a tentacled starspawn
 20503 | Abyss:1  | Reached skill level 20 in Axes
 20508 | Abyss:1  | Noticed an ancient lich
 20511 | Abyss:1  | Demolished by a balrug

Illustrated notes

Levels and vault maps discovered:
D:1:      scummos_arrival_checkerplants, layout_basic, serial_shops,
          nicolae_shop_just_a_little_nook
D:2:      layout_basic, basic_altar, dk_noncrumbling_3, minmay_box_of_dots,
          uniq_sigmund
D:3:      layout_loops_ring, mainiacjoe_overflow_chevrons, serial_shops, shop,
          item_on_display_a, uniq_crazy_yiuf_cottage
D:4:      layout_layer_cave, bloody_makhleb, elyvilon_altar_3,
          minmay_hollow_rounded_squares, uniq_eustachio
D:5:      layout_loops_corners, nicolae_hepliaklqana_hazy_memory,
          minmay_statues_item, uniq_ijyb
D:6:      layout_basic, vehumet_altar_wand_db, okawaru_trees_2,
          minmay_temple_entry_stoned_glass, uniq_edmund
D:7:      layout_gridville, kennysheep_little_box, nicolae_shop_gadgets
D:8:      layout_loops_cross, old_standard_altar, serial_shops, shop,
          nicolae_shop_trees, enter_bailey_2, uniq_gastronok, uniq_joseph,
          uniq_prince_ribbit1
D:9:      layout_basic, mainiacjoe_overflow_concentric_impassable, orc_0_dummy,
          ebering_ghost_rock_garden, corexii_checkpoint, uniq_psyche,
          uniq_amaemon
D:10:     layout_layer_cave, serial_bayou, serial_bayou_pond_a,
          serial_bayou_lagoon_a, serial_bayou_lagoon_b, serial_bayou_lake_a,
          uniq_maggie
D:11:     layout_roguey, hellmonk_lair_entry_icy, serial_shops, shop,
          nicolae_dithmenos_the_darkroom
D:12:     layout_basic, hellmonk_guarded_unrand_night, uniq_nergalle,
          uniq_erolcha, uniq_fannar
Temple:   dshaligram_water_room_temple
Lair:1:   layout_cave_pods, gammafunk_ghost_hydra_chop, special_room,
          minivault_11, nicolae_lair_grazing_beasts
          [nicolae_sub_lair_graze_edge, nicolae_sub_lair_graze_edge,
          nicolae_sub_lair_graze_edge, nicolae_sub_lair_graze_edge],
          grunt_megastairs_2, infiniplex_staircase_pool_2, lemuel_fruit_tree,
          uniq_harold
Lair:2:   layout_concentric_octagons, elwin_shoals_entry_rooms,
          spider_nest_entry_web_field, serial_bayou_shore_b
Lair:3:   layout_loops_ring, gammafunk_ghost_cemetery, dpeg_oklob_1
Lair:4:   layout_gridlike, slime_entry_1, bobbens_ice_dragon_lair, uniq_snorg
Lair:5:   hellmonk_lair_end_abyssal_woods, layout_cave_pods, grunt_megastairs_3,
          serial_bayou_shore_b
Orc:1:    layout_caves, minmay_orc_barracks
Orc:2:    hellmonk_orc_salted, layout_diamond_mine, basic_altar
Abyss:1:  base: Lair:1, evilmike_abyss_exit_4, hangedman_decor_riveting,
          hangedman_decor_riveting, grunt_abyss_exit_deep_breaths,
          spicy_abyss_rude_harpoons

Skill      XL: |  1  2  3  4  5  6  7  8  9 10 11 12 13 14 15 16 |
---------------+-------------------------------------------------+-----
Axes           | 3 4 5 7 8 10 13 15 16 18 20 | 20.0
Throwing       | 2 3 4 |  4.0
Fighting       | 4 6 8 10 11 | 11.2
Armour         | 4 6 8 10 11 | 11.0
Shields        | 12 13 14 16 | 16.6
Invocations    | 8 |  8.0

Action                     |  1- 3 |  4- 6 |  7- 9 | 10-12 | 13-15 | 16-18 || total
---------------------------+-------+-------+-------+-------+-------+-------++-------
  Melee: War axe           |   123 |    76 |   293 |   224 |   694 |       ||  1410
         Battleaxe         |       |       |       |       |   253 |    54 ||   307
         Executioner's axe |       |       |       |       |       |   168 ||   168
  Throw: Stone             |     1 |     5 |     3 |       |       |       ||     9
         Dart              |       |       |       |     1 |       |       ||     1
         Boomerang         |       |       |       |     1 |    34 |       ||    35
 Invoke: Heroism           |       |       |       |     2 |     3 |       ||     5
         Finesse           |       |       |       |       |     2 |       ||     2
         Receive Weapon    |       |       |       |       |     1 |       ||     1
         Receive Armour    |       |       |       |       |     1 |       ||     1
Ability: Dig               |     1 |       |       |       |    10 |     1 ||    12
  Evoke: Wand              |       |       |       |    10 |       |       ||    10
    Use: Scroll            |     2 |     9 |     8 |    10 |     1 |     4 ||    34
         Potion            |       |     2 |     1 |     3 |     2 |     1 ||     9
   Stab: Invisible         |       |     1 |       |     2 |       |       ||     3
 Armour: Scale mail        |   144 |    58 |    74 |       |       |       ||   276
         Chain mail        |       |       |   167 |    86 |       |       ||   253
         Plate armour      |       |       |       |    46 |   623 |   153 ||   822
  Dodge: Dodged            |    52 |    24 |    70 |    35 |   171 |    28 ||   380
  Block: Buckler           |    24 |       |       |       |       |       ||    24
         Kite shield       |    22 |    59 |   157 |   104 |   764 |   153 ||  1259
         Reflection        |       |       |     2 |     8 |    18 |     9 ||    37

Table legend: (Time is in decaauts)
 A = Elapsed time spent in this place.
 B = Non-inter-level travel time spent in this place.
 C = Inter-level travel time spent in this place.
 D = Time resting spent in this place.
 E = Time spent auto-exploring this place.
 F = Levels seen in this place.
 G = Mean time per level.
                   A        B        C        D        E       F      G
               +--------+--------+--------+--------+--------+-----+--------+
         Total |  20298 |  19129 |   1169 |   1564 |  12483 |  22 |  922.6 |
       Dungeon |  12254 |  11619 |    635 |    865 |   8232 |  12 | 1021.2 |
        Temple |      6 |      4 |      2 |      0 |      0 |   1 |    6.0 |
          Lair |   5693 |   5296 |    397 |    638 |   3234 |   5 | 1138.6 |
  Orcish Mines |   1712 |   1578 |    134 |     58 |    885 |   2 |  856.0 |
         Abyss |    506 |    506 |      0 |      3 |    100 |   1 |  506.0 |
        Bailey |    125 |    125 |      0 |      0 |     32 |   1 |  125.0 |
               +--------+--------+--------+--------+--------+-----+--------+

Top non-repeatable levels by time:
     D:4: 1791 daAuts
  Lair:5: 1719 daAuts
    D:10: 1404 daAuts
  Lair:4: 1323 daAuts
     D:2: 1248 daAuts
     D:5: 1233 daAuts
   Orc:2: 1167 daAuts
  Lair:1: 1154 daAuts
     D:3: 1041 daAuts
     D:1: 985 daAuts
     D:9: 932 daAuts
     D:7: 875 daAuts
    D:11: 841 daAuts
  Lair:3: 836 daAuts
     D:8: 831 daAuts
